 Dungeon Crawl Stone Soup version 0.27.1-1-g398f81649c (webtiles) character file.

Game seed: 5660930813070497187

65 Amplified the Skirmisher (level 3, -5/32 HPs)
             Began as a Palentonga Abyssal Knight on Sept 6, 2021.
             Was a Follower of Lugonu.
             Slain by Crazy Yiuf (8 damage)
             ... on level 2 of the Dungeon.
             The game lasted 00:02:09 (2431 turns).

Amplified the Skirmisher (PaAK)                     Turns: 2431, Time: 00:02:11

Health: -5/32      AC:  4    Str: 15    XL:     3   Next: 92%
Magic:  4/4        EV:  9    Int: 12    God:    Lugonu [*.....]
Gold:   25         SH:  5    Dex: 10    Spells: 2/2 levels left

rFire    . . .     SeeInvis +   f - +1 dagger (venom)
rCold    . . .     Faith    .   (no shield)
rNeg     . . .     Spirit   .   b - +0 leather armour
rPois    .         Reflect  +   (no helmet)
rElec    .         Harm     .   (no cloak)
rCorr    .         Rampage  .   (no gloves)
Will     .....                  (no barding)
Stlth    +.........             j - amulet of reflection
HPRegen  0.10/turn              (no ring)
MPRegen  0.09/turn              (no ring)

@: no status effects
A: large, rugged brown scales 3, see invisible, deformed body, roll 1, armoured
tail
a: Rolling Charge, Renounce Religion, Depart the Abyss


You were on level 2 of the Dungeon.
You worshipped Lugonu.
Lugonu was aware of your devotion.
You visited 1 branch of the dungeon, and saw 2 of its levels.
You visited the Abyss 1 time.

You collected 25 gold pieces.

Inventory:

Hand Weapons
 a - a +1 hand axe
 f - a +1 dagger of venom (weapon)
Armour
 b - a +0 leather armour (worn)
Jewellery
 h - an amulet of magic regeneration
 j - an amulet of reflection (around neck)
Scrolls
 k - a scroll of identify
Potions
 d - a potion of cancellation
 e - a potion of might {unknown}
 g - a potion of degeneration {unknown}
 i - a potion of berserk rage {unknown}
 l - a potion of curing {unknown}


   Skills:
 * Level 3.6 Fighting
 * Level 2.8 Axes
 + Level 1.9 Armour
 + Level 1.2 Dodging
 + Level 2.4 Invocations


You had 2 spell levels left.
You didn't know any spells.
Your spell library contained the following spells:

 Spells                   Type           Power      Damage    Failure   Level
 Sting                    Tmut/Pois      0%         1d3       38%         1
 Poisonous Vapours        Pois/Air       0%         N/A       52%         2
 Petrify                  Tmut/Erth      0%         N/A       99%         4
 Eringya's Noxious Bog    Tmut/Pois      0%         N/A       100%        6


Dungeon Overview and Level Annotations

Branches:
Dungeon (2/15)

Altars:

Annotations:
D:2 Crazy Yiuf


Innate Abilities, Weirdness & Mutations

You are completely covered in rugged brown scales. (AC +3, +7% HP)
You have supernaturally acute eyesight. (SInv)
Armour fits poorly on your strangely shaped body.
You can roll at nearby foes to attack.
You have a long armoured tail.


Message History

You barely miss the bat. The bat hits you but does no damage.
The bat misses you. The bat closely misses you.
You barely miss the bat. You block the bat's attack.
The bat completely misses you.
You hit the bat.
You kill the bat!
Lugonu accepts your kill.
Found a spear.
No target in view!
You see here a +0 spear.
Found a mace.
Found a runed translucent door.
Crazy Yiuf shouts!
You see here a +0 spear.
You see here a +0 ring mail.
You see here a +0 spear.
You open the door. You barely miss Crazy Yiuf.
Crazy Yiuf hits you with a +3 quarterstaff of chaos!
You hit Crazy Yiuf but do no damage.
Crazy Yiuf is poisoned.
Crazy Yiuf hits you with a +3 quarterstaff of chaos!
* * * LOW HITPOINT WARNING * * *
Okay, then.
Really quaff the potion of lignification?
You turn into a tree.
Your +0 leather armour melds into your body.
Your roots penetrate the ground.
Crazy Yiuf hits you with a +3 quarterstaff of chaos!
* * * LOW HITPOINT WARNING * * *
Unknown command.
Unknown command.
Unknown command.
Unknown command.
Unknown command.
It was a potion of cancellation.
Your magical effects are unravelling.
You feel magically purged.
You feel less wooden.
Your +0 leather armour unmelds from your body.
Crazy Yiuf hits you with a +3 quarterstaff of chaos!
You die...

#.# ### #.# #.#
### ###♣♣♣♣♣
##..♣.♣.♣♣♣ ###
##.....g♣..♣#...#
#.....@♣♣♣♣.'...#
#.....♣♣ ♣♣#..)#
#.###♣♣ ### #.#
#)# #.# ### #.#
#.# #.# #.# #.#
#.#


You could see Crazy Yiuf (poisoned).

Vanquished Creatures
  2 adders (D:2)
  A dart slug (D:1)
  4 endoplasms
  2 giant cockroaches
  3 goblins
  4 hobgoblins
  2 jackals (D:2)
  4 quokkas (D:1)
  3 ball pythons (D:1)
  6 bats
  4 frilled lizards
  6 kobolds
  2 rats
43 creatures vanquished.

Notes
Turn   | Place    | Note
-------+----------+-------------------------------------------
     0 | Abyss:1  | Amplified the Palentonga Abyssal Knight began the quest for
                  | the Orb.
     0 | Abyss:1  | Reached XP level 1. HP: 19/19 MP: 2/2
    93 | Abyss:1  | Noticed a small abomination
   125 | Abyss:1  | Noticed a worldbinder
   127 | D:1      | Escaped the Abyss
   225 | D:1      | Reached skill level 1 in Dodging
   225 | D:1      | Reached XP level 2. HP: 20/25 MP: 3/3
   235 | D:1      | Reached * piety under Lugonu
   301 | D:1      | Got the Collected Works on Earthen Toxins
   363 | D:1      | Found a faded altar of an unknown god.
   866 | D:1      | Reached XP level 3. HP: 22/31 MP: 4/4
  2202 | D:2      | Found a runed translucent door.
  2203 | D:2      | Noticed Crazy Yiuf
  2431 | D:2      | Slain by Crazy Yiuf

Illustrated notes

Levels and vault maps discovered:
D:1:      onia_arrival_mini_spirals, layout_loops_cross,
          dreamdust_ecumenical_altar_statues, hex_tiny,
          minmay_misc_feat_enclosed, dk_noncrumbling_4
D:2:      layout_loops_ring, grunt_ministairs_8, minmay_bisected,
          uniq_crazy_yiuf_cottage

Skill      XL: |  1 |
---------------+----+-----
Dodging        | 1 |  1.2
Fighting       | |  3.6
Axes           | |  2.8
Armour         | |  1.9
Invocations    | |  2.4

Action                   || total
-------------------------++-------
Melee: Hand axe          ||    38
       Tailslap          ||     7
       Dagger            ||    91
Invok: Depart the Abyss  ||     1
 Abil: Rolling Charge    ||     7
  Use: Scroll            ||     3
       Potion            ||     2
 Stab: Sleeping          ||     1
Armor: Leather armour    ||    57
Dodge: Dodged            ||    58
Block: Other             ||     3
       Reflection        ||     1
